 Dungeon Crawl Stone Soup version 0.30.0-30-g96aa6591b8 (webtiles) character file.

Game seed: 2239015922914705512

38 7w4c the Caller (level 3, -2/19 HPs)
             Began as a Deep Elf Summoner on June 29, 2023.
             Was a High Priest of Ignis.
             Slain by a quokka (4 damage)
             ... on level 1 of the Dungeon.
             The game lasted 00:06:06 (533 turns).

7w4c the Caller (Deep Elf Summoner)                  Turns: 533, Time: 00:06:06

Health: -2/19      AC:  2    Str:  5    XL:     3   Next: 25%
Magic:  10/10      EV: 12    Int: 21    God:    Ignis [*****.]
Gold:   18         SH:  0    Dex: 15    Spells: 6/9 levels left

rFire   + . .        g - +0 short sword
rCold   . . .        (no shield)
rNeg    . . .        a - +0 robe
rPois   .            (no helmet)
rElec   .            (no cloak)
rCorr   .            (no gloves)
SInv    .            (no boots)
Will    .....        (no amulet)
Stlth   ++           (no ring)
HPRegen 0.23/turn    (no ring)
MPRegen 0.12/turn

%: no passive effects
@: no status effects
A: no striking features
a: Renounce Religion, Fiery Armour, Foxfire Swarm, Rising Flame


You were on level 1 of the Dungeon.
You worshipped Ignis.
Ignis was extremely pleased with you.
You visited 1 branch of the dungeon, and saw 1 of its levels.

You collected 18 gold pieces.

Inventory:

Hand Weapons
 g - a +0 short sword (weapon)
Missiles
 f - 19 stones
Armour
 a - a +0 robe (worn)
Potions
 b - a potion of magic
 c - 3 potions of curing {unknown}
 e - a potion of lignification {unknown}


   Skills:
 + Level 2.6 Dodging
 + Level 2.8 Stealth
 + Level 3.5 Spellcasting
 + Level 5.1 Summonings


You had 6 spell levels left.
You knew the following spells:

 Your Spells              Type           Power      Damage    Failure   Level
a - Summon Small Mammal   Summ           100%       N/A       1%          1
b - Call Imp              Summ           50%        N/A       2%          2

Your spell library contained the following spells:

 Spells                   Type           Power      Damage    Failure   Level
 Call Canine Familiar     Summ           25%        N/A       4%          3
 Summon Guardian Golem    Hex/Summ       14%        N/A       13%         3
 Summon Lightning Spire   Summ/Air       14%        N/A       41%         4


Dungeon Overview and Level Annotations

Branches:
Dungeon (1/15)

Altars:
Ignis


Message History

There is a stone staircase leading down here.
You swap places.
Your cerulean imp hits the rat from afar with a -2 spear!
The rat dies!
You see here a +0 robe.
Your cerulean imp disappears in a puff of smoke!
You now have 18 gold pieces (gained 1).
f - 19 stones (gained 7)
A quokka comes into view.
You closely miss the quokka. The quokka barely misses you.
You hit the quokka.
The quokka is moderately wounded.
The quokka bites you.
You barely miss the quokka.
The quokka is moderately wounded.
The quokka bites you but does no damage.
You closely miss the quokka.
The quokka is moderately wounded.
The quokka barely misses you.
You hit the quokka but do no damage.
The quokka is moderately wounded.
The quokka bites you. x2
You closely miss the quokka.
The quokka is moderately wounded.
The quokka bites you.
You closely miss the quokka.
The quokka is moderately wounded.
The quokka bites you.
You closely miss the quokka. You punch the quokka, but do no damage.
The quokka is moderately wounded.
The quokka barely misses you.
You hit the quokka but do no damage.
The quokka is moderately wounded.
The quokka barely misses you.
You hit the quokka.
The quokka is heavily wounded.
The quokka bites you.
* * * LOW HITPOINT WARNING * * *
The quokka bites you.
You die...

##...############.........
..### #.##.......#.## ##.#
#....#####.#.## #.#
#####.# #.#... #.....#
#..### #.###.# #..### #.#
#.#####..##.
.########.###.[.††...##.
......r@......)#.###.##.
#########.####...# #.#..
#.# #...# #.#.[ #.# #..##
#.#.. #.# #..####.#..
....##..........
#............#.#
###......#####.#
#.......####.#


You could see a quokka.

Vanquished Creatures (collateral kills)
  A gnoll (D:1)
  2 dart slugs (D:1)
  5 endoplasms (D:1)
  A giant cockroach (D:1)
  A goblin (D:1)
  A hobgoblin (D:1)
  5 jackals (D:1)
  A quokka (D:1)
  A frilled lizard (D:1)
  A kobold (D:1)
  3 rats (D:1)
22 creatures vanquished.

Notes
Turn   | Place    | Note
-------+----------+-------------------------------------------
     0 | D:1      | 7w4c the Deep Elf Summoner began the quest for the Orb.
     0 | D:1      | Reached XP level 1. HP: 10/10 MP: 6/6
   124 | D:1      | Reached XP level 2. HP: 9/15 MP: 5/8
   201 | D:1      | Reached skill level 5 in Summonings
   287 | D:1      | Found a faded altar of an unknown god.
   296 | D:1      | Prayed at the altar of an unknown god.
   296 | D:1      | Became a worshipper of Ignis, the Dying Flame
   369 | D:1      | Learned a level 2 spell: Call Imp
   371 | D:1      | Reached XP level 3. HP: 19/19 MP: 6/10
   533 | D:1      | Slain by a quokka

Illustrated notes

Levels and vault maps discovered:
D:1:      psy_arrival_whirlpool, layout_loops_ring, basic_ecumenical_altar

Skill      XL: |  1  2 |
---------------+-------+-----
Summonings     | 5 |  5.1
Dodging        | |  2.6
Stealth        | |  2.8
Spellcasting   | |  3.5

Action                     || total
---------------------------++-------
  Melee: Unarmed           ||     1
         Dagger            ||     8
         Short sword       ||    10
         Punch             ||     1
   Cast: Summon Small Mamm ||    19
         Call Imp          ||     1
 Armour: Robe              ||     8
  Dodge: Dodged            ||    17
